[Event "FRA-ch Teams Top 16-A 2022"]
[Site "Chartres"]
[Date "2022.06.15"]
[Round "7.14"]
[White "Da Silva, Quentin"]
[Black "Bournel, Antoine"]
[Result "1-0"]
[ECO "C95"]
[WhiteElo "2171"]
[BlackElo "2345"]
[Annotator "TA"]
[PlyCount "113"]
[EventDate "2022.06.09"]
[EventType "team-tourn"]
[EventCountry "FRA"]
[SourceTitle "playchess.com"]
[Source "ChessBase"]
[SourceQuality "1"]
[TimeControl "40/5400+30:1800+30"]

1. e4 e5 2. Nf3 Nc6 3. Bb5 a6 4. Ba4 Nf6 5. O-O Be7 6. Re1 b5 7. Bb3 d6 8. c3 O-O 9. h3 Nb8 10. d4 Nbd7 11. Nbd2 Bb7 12. Bc2 Re8 13. Nf1 d5 14. exd5 exd4 {[%emt 0:01:26] C95: Closed Ruy Lopez: Breyer Variation with 10 d4.} 15. Nxd4 Nxd5 16. Nf5 Bf6 {[%emt 0:19:16] The position is equal.} 17. Rxe8+ Qxe8 18. N1g3 Ne5 19. Nh5 Rd8 20. Nxf6+ Nxf6 21. Qf1 $1 {[%emt 0:01:59] [#]} Be4 $146 ({Predecessor:} 21... Ne4 22. Bf4 Nd2 23. Bxd2 Rxd2 24. Nd4 Qd8 25. Qe1 Qd5 26. f3 Nxf3+ 27. Nxf3 Qc5+ {0-1 (38) Stojic,D (2155)-Rej,T (2283) Parramatta 2008}) 22. Bxe4 Nxe4 23. Be3 Qd7 24. Nd4 c5 25. Nb3 c4 26. Nd4 Nd3 27. Qe2 Re8 {[%emt 0:00:25][%cal Oe4f2] Hoping for ...Nexf2!} 28. Qc2 f5 {[%emt 0:00:55][%cal Bf7f5,Bf5f4][%mdl 32] And now ...f4 would win.} 29. Ne2 {[%emt 0:02:13] Inhibits f4.} (29. Nf3 $1 $11) 29... Qc7 {[%emt 0:01:33] ...f4 is the strong threat.} 30. Bd4 Qf7 (30... f4 $142 {[%cal Of4f3] Strongly threatening ...f3!} 31. f3 Nd6) 31. a4 {[%emt 0:01:33] [#]} (31. f3 $17 {keeps fighting.} Ng5 32. Rf1) 31... f4 $1 $19 {[%emt 0:01:48] Threatens to win with ...f3.} 32. f3 Ng5 $2 {[%emt 0:02:20] Pair of Knights!} (32... Ng3 $19 33. Nxg3 fxg3 34. axb5 axb5) 33. axb5 $11 Qg6 34. Kh2 (34. bxa6 $2 Nxf3+ 35. Kf1 Nh4 $19) 34... axb5 35. Ra7 Ne6 36. Qd2 $2 ({Better is} 36. Bb6 $15) 36... Nxd4 $40 {[%emt 0:01:48][%mdl 128] Black wants a kill.} 37. cxd4 h5 38. Ra5 {[%emt 0:02:28] [#]} (38. Nxf4 $2 Qh6 39. Ra3 (39. g3 $2 h4 $19) 39... Qxf4+ $19) (38. Kg1 $142) 38... Qf5 $2 (38... Qe6 $1 $19 39. Ng1 (39. Nxf4 $2 Qd6 $19) 39... Qe3 40. Qxe3 fxe3) 39. Ra6 (39. Nc3 $1 $15) 39... Re3 (39... b4 $19 40. Rc6 Qd5) 40. Ra8+ (40. Nc3 $17) 40... Kh7 41. Nc3 Qg6 (41... Qf6 $19 {White must now prevent ...Re1.} 42. Ne4 Qxd4) 42. Ne4 $15 h4 ({Black should play} 42... b4 $15) 43. Ra1 $1 $11 b4 44. Ra5 $2 (44. Rf1 $11) 44... Kh6 $2 (44... Rxe4 $19 45. fxe4 f3) 45. Rg5 {[%emt 0:01:37] Prevents Qg3+.} Qb6 {[%emt 0:01:12][%cal Oe3e4] aiming for ...Rxe4!} 46. Rg4 Qd8 (46... Qxd4 $11 47. Rxh4+ Kg6 48. Rg4+ Kh7 49. Rxf4 Qe5 50. Qxe3 Qxf4+ 51. Qxf4 Nxf4) 47. Qc2 $18 Qxd4 (47... Rxe4 $16 48. fxe4 Qxd4) 48. Qa4 Rxe4 49. Qc6+ ({Worse is} 49. fxe4 Qf6 $11) 49... Kh7 (49... Qf6 $142 50. Rxh4+ (50. Qxe4 Nxb2 51. Rxf4 Qd6 $11) 50... Kg5 51. Rg4+ Kh6 52. Qxe4 b3 53. Qxc4 Ne5 54. Qxf4+ Qxf4+ 55. Rxf4 Nd3) 50. Qg6+ (50. Rxh4+ $142 Kg8 51. fxe4) 50... Kg8 51. fxe4 {[%emt 0:00:20][%mdl 4096] Endgame White wants to mate with Qe8+. KQR-KQN} Qe5 {[%emt 0:00:53] Prevents Qe8+.} 52. Rg5 Qe7 53. Rh5 (53. Rb5 $142 Ne5 54. Rb8+ Qf8 55. Rxf8+ Kxf8 56. Qd6+ Kg8 57. Qxe5 c3 58. bxc3) 53... Ne5 54. Qh7+ {[%emt 0:00:11] White mates.} Kf7 55. Qf5+ Kg8 56. Qxe5 Qd7 57. Qd5+ {[%emt 0:00:33] Weighted Error Value: White=0.39/Black=0.90} (57. Qb8+ $142 Kf7 58. Rf5+ Kg6 59. Qb6+ Kh7 60. Rh5+ Kg8 61. Qxb4 Qe6 62. Qb8+ Kf7 63. Rf5+ Kg6 64. Qh8 Qxf5 65. exf5+ Kg5 66. Qd8+ Kxf5 67. Qc8+ Ke4 68. Qxc4+ Ke3 69. Qc1+ Ke4 70. b4) 1-0

[Event "FRA-ch Teams Top 16-A 2022"]
[Site "Chartres"]
[Date "2022.06.15"]
[Round "7.15"]
[White "Guilleux, Fabien"]
[Black "Caille, Hugo"]
[Result "1-0"]
[ECO "D36"]
[WhiteElo "2382"]
[BlackElo "2177"]
[Annotator "TA"]
[PlyCount "107"]
[EventDate "2022.06.09"]
[EventType "team-tourn"]
[EventCountry "FRA"]
[SourceTitle "playchess.com"]
[Source "ChessBase"]
[SourceQuality "1"]
[TimeControl "40/5400+30:1800+30"]

1. c4 e6 2. Nc3 d5 3. d4 Nf6 4. cxd5 exd5 5. Bg5 Be7 6. e3 c6 7. Bd3 Nbd7 8. Nge2 Nf8 9. Qc2 Ne6 10. Bh4 g6 11. O-O O-O 12. Rad1 {[%emt 0:04:57] D36: Queen's Gambit Declined: Exchange Variation: Main line (5 Bg5 c6 6 Qc2).} b5 {[%emt 0:07:59][%cal Bb7b5,Bb5b4][%mdl 32] [#]} 13. a4 $146 ({Predecessor:} 13. f3 Bb7 14. Bf2 Rc8 15. e4 dxe4 16. Nxe4 Nd5 17. a3 a6 18. Nc5 Nxc5 19. dxc5 Qd7 {½-½ (68) Ramsdal,J (2267)-Arabidze,M (2437) Chess.com INT 2021}) 13... b4 14. Na2 {[%emt 0:00:47][%cal Bc3a2,Ba2c1,Bc1b3,Bb3d4,Bd4f3,Bf3h4][%mdl 32] The position is equal.} Qb6 15. Nac1 c5 16. a5 Qxa5 {[%emt 0:08:25] [#] White must now prevent ...c4.} 17. Nb3 Qc7 {[%emt 0:00:23] Threatens to win with ...c4.} 18. dxc5 a5 (18... Ng4 $2 19. Bg3 Ne5 20. Bb5 $16) (18... Bd7 $11 {should be considered.}) 19. c6 $1 $14 Ng4 20. Bg3 Bd6 21. Nbd4 {[%emt 0:01:36] Strongly threatening Nb5.} Bxg3 22. hxg3 Qe5 23. Nf3 Qh5 (23... Qd6 $16) 24. Rfe1 (24. Nf4 $18 {and White stays clearly on top.} Nxf4 25. exf4 (25. gxf4 a4 $16)) 24... Ng5 {[%emt 0:05:34] [#] ( -> ...Nxf3+)} 25. Nh4 {[%emt 0:01:53] Hoping for Nf4.} Be6 $2 (25... Qh6 $16) 26. Qc5 $2 (26. Nf4 $18 Qh6 27. c7) 26... Nf6 (26... Ne4 $11 27. Bxe4 dxe4 28. Qxh5 gxh5) 27. Qd4 $18 Nge4 28. Bxe4 Nxe4 29. Nf4 Qg5 30. Nf3 $40 {[%emt 0:00:06][%mdl 128] Black is in trouble. Dancing on a razor blade.} ({Much less strong is} 30. Nxd5 $6 Qxd5 31. Qxd5 Bxd5 32. Rxd5 Rfc8 $11) 30... Qf6 31. Nxd5 Bxd5 (31... Qxd4 $16 {keeps fighting.} 32. Ne7+ (32. Rxd4 Bxd5 33. Rxd5 a4 $16) 32... Kg7 33. exd4 (33. Rxd4 Nc5 $14) 33... Nd6) 32. Qxd5 Rfe8 33. Rd4 Qe7 34. c7 a4 35. Rc1 Nxg3 (35... Nf6 $142 36. Qb7 a3 37. bxa3 (37. Qxb4 Qxb4 38. Rxb4 a2 $16) 37... bxa3) 36. Qxa8 Rxa8 (36... Ne2+ 37. Kf1 Rxa8 38. c8=Q+ (38. Kxe2 Rc8 $17) 38... Rxc8 39. Rxc8+ Kg7 40. Kxe2 Qb7) 37. c8=Q+ Rxc8 38. Rxc8+ Kg7 {[%emt 0:00:03] aiming for ...Ne2+.} 39. fxg3 Qxe3+ 40. Kh2 a3 41. Rxb4 axb2 (41... a2 42. Ra8 Qc5) 42. Rxb2 Qh6+ 43. Kg1 Qe3+ 44. Rf2 f5 45. Rcc2 Kh6 (45... Kf6 $142 46. Rce2 Qc1+ 47. Rf1 Qc7) 46. Kh2 f4 47. g4 {[%emt 0:00:00][%cal Bg3g4,Bg4g5,Bg5h6][%mdl 32] White mates.} Qe6 48. g5+ Kh5 49. Rc7 Qg8 50. Re2 Kg4 51. Ree7 h5 52. gxh6 Qf8 53. Rg7 Qf5 54. Rxg6+ {[%emt 0:00:00] Weighted Error Value: White=0.27 (precise) /Black=0.68} 1-0

[Event "FRA-ch Teams Top 16-A 2022"]
[Site "Chartres"]
[Date "2022.06.15"]
[Round "7.16"]
[White "Afraoui, Solenn"]
[Black "Alexieva, Silvia"]
[Result "0-1"]
[ECO "B47"]
[WhiteElo "1945"]
[BlackElo "2219"]
[Annotator "NA RC"]
[PlyCount "116"]
[EventDate "2022.06.09"]
[EventType "team-tourn"]
[EventCountry "FRA"]
[SourceTitle "playchess.com"]
[Source "ChessBase"]
[SourceQuality "1"]
[TimeControl "40/5400+30:1800+30"]

1. e4 c5 2. Nf3 e6 3. d4 cxd4 4. Nxd4 Nc6 5. Nc3 Qc7 6. g3 a6 7. Bg2 d6 8. O-O Bd7 9. Re1 Be7 10. Nxc6 bxc6 11. Na4 Rb8 12. c4 c5 13. Nc3 Bf6 14. Qd3 Ne7 15. Bf4 Bd4 16. Be3 e5 17. b3 O-O 18. Bxd4 cxd4 19. Nd5 Nxd5 20. exd5 a5 21. Rac1 Qc5 22. f4 Rfe8 23. Kh1 g6 24. fxe5 dxe5 25. Red1 Rb6 26. h3 h5 27. Kh2 Kg7 28. Rb1 f5 29. Rb2 Rf6 30. Rc2 f4 31. Be4 fxg3+ 32. Qxg3 Bf5 33. Bxf5 Rxf5 34. Rg2 Rf6 35. Qg5 e4 36. Qxh5 Qd6+ 37. Kh1 Rh8 38. Qg4 Rf3 39. Rh2 Qf6 40. Rg1 Rh4 41. Qd7+ Kh6 42. Qe6 e3 43. Qxf6 Rxf6 44. Re1 Re4 45. Rhe2 d3 46. Rxe3 Rxe3 47. Rxe3 d2 48. Rd3 Rf1+ 49. Kg2 d1=Q 50. Rxd1 Rxd1 51. Kf3 Kg5 52. Ke4 Kf6 53. c5 Ra1 54. Kd4 Rxa2 55. Kc4 Ke7 56. Kb5 Kd7 57. Kb6 Rb2 58. c6+ Kd6 0-1

[Event "FRA-ch Teams Top 16-A 2022"]
[Site "Chartres"]
[Date "2022.06.15"]
[Round "7.18"]
[White "Mamedov, Rauf"]
[Black "Ganguly, Surya Shekhar"]
[Result "1/2-1/2"]
[ECO "C67"]
[WhiteElo "2656"]
[BlackElo "2616"]
[Annotator "TA"]
[PlyCount "50"]
[EventDate "2022.06.09"]
[EventType "team-tourn"]
[EventCountry "FRA"]
[SourceTitle "playchess.com"]
[Source "ChessBase"]
[SourceQuality "1"]
[TimeControl "40/5400+30:1800+30"]

1. e4 e5 2. Nf3 Nc6 3. Bb5 Nf6 4. O-O Nxe4 5. Re1 Nd6 6. Bf1 {[%emt 0:00:00] C67: Ruy Lopez: Berlin Defence: 4 0-0 Nxe4.} Be7 {[%emt 0:00:28] [#] And now ...e4 would win.} 7. Nc3 $1 {[%emt 0:00:00][%mdl 4] Prevents e4. is recently more successful than 7.Nxe5.} e4 8. Nxe4 Nxe4 9. Rxe4 d5 10. Re1 Bg4 11. h3 Bh5 12. c3 O-O 13. d4 Bd6 {[%emt 0:00:05] [#]} 14. g4 $146 ({Predecessor:} 14. Bd3 Bg6 15. Bxg6 hxg6 16. Bg5 Qd7 17. Qd2 Rfe8 18. Bf4 f6 19. Bxd6 Qxd6 20. Qd3 {0-1 (37) Golubev,M (2461)-Belyakov,B (2465) Chess.com INT 2021}) 14... Bg6 15. Ne5 Nxe5 16. dxe5 Bc5 17. Be3 Bxe3 18. Rxe3 c6 19. Bg2 f5 20. e6 {[%emt 0:00:00] [#] Threatens to win with e7.} Qe7 (20... Qd6 {looks sharper.} 21. e7 Rf6 22. gxf5 Rxf5 23. Qb3 Qc7) 21. Qe2 fxg4 22. hxg4 Rf4 23. Re1 Raf8 24. Rf3 h6 25. Qe3 Rxf3 {[%emt 0:00:00] An even fight not without its subleties.  Weighted Error Value: White=0.05 (flawless) /Black=0.05 (flawless)} ({Much less strong is} 25... Rxg4 26. Rxf8+ Qxf8 27. e7 $16) 1/2-1/2

[Event "FRA-ch Teams Top 16-A 2022"]
[Site "Chartres"]
[Date "2022.06.15"]
[Round "7.19"]
[White "Postny, Evgeny"]
[Black "Bauer, Christian"]
[Result "1-0"]
[ECO "A86"]
[WhiteElo "2563"]
[BlackElo "2596"]
[Annotator "TA"]
[PlyCount "219"]
[EventDate "2022.06.09"]
[EventType "team-tourn"]
[EventCountry "FRA"]
[SourceTitle "playchess.com"]
[Source "ChessBase"]
[SourceQuality "1"]
[TimeControl "40/5400+30:1800+30"]

1. d4 f5 2. g3 Nf6 3. Bg2 g6 4. c4 Bg7 5. Nh3 Nc6 6. O-O O-O 7. Nc3 d6 8. d5 Ne5 9. b3 Nh5 10. Bd2 a6 11. a4 h6 12. e3 Nf6 13. Nf4 c6 14. Qc2 cxd5 15. Nfxd5 Nh7 16. a5 Rb8 17. Rad1 Bd7 18. Ne2 Qe8 19. Nd4 Nf6 20. Nxf6+ Bxf6 21. Bc3 Bg7 22. Bd5+ Kh7 23. Ne6 Bxe6 24. Bxe6 Nf3+ 25. Kg2 Bxc3 26. Qxc3 Ng5 27. Bd5 e6 28. h4 Nf7 $1 29. Bf3 Qe7 30. Kg1 Qc7 31. Bg2 Qe7 32. Rd2 Rfc8 33. Rfd1 b6 (33... Rc7 $14) 34. axb6 Rxb6 35. Ra2 Rcb8 36. Ra3 (36. Qa1 $16) 36... g5 $11 37. hxg5 hxg5 38. Rda1 Kg6 39. Qc2 Qf6 40. e4 Kg7 (40... Rxb3 $5 41. exf5+ (41. Rxa6 Rb2 $11) 41... exf5 $11) 41. exf5 (41. Rxa6 f4 42. gxf4 gxf4 $17) 41... Rxb3 42. fxe6 Rxa3 43. Rxa3 Rb2 $1 44. Qc3 Rb1+ 45. Bf1 Ne5 46. Qc2 Rb6 (46... Re1 $14) 47. c5 ({White should try} 47. Bg2) 47... dxc5 $16 48. Qxc5 ({Much worse is} 48. Bxa6 Nf3+ 49. Rxf3 Qxf3 $11) (48. Rxa6 $2 Rxa6 49. Qxc5 (49. Bxa6 $2 Nf3+ 50. Kf1 Qa1+ 51. Ke2 Nd4+ 52. Kd2 Nxc2 $19) 49... Nf3+ 50. Kg2 Rxe6 $19) 48... Rxe6 49. Be2 Nd7 50. Qc4 Ne5 51. Qd5 Rd6 52. Qe4 Nf7 53. Ra5 Qc3 54. Rf5 $1 Rf6 55. Rxf6 (55. Bh5 {with more complications.} Rxf5 56. Qxf5 Qa1+ 57. Kg2) 55... Qxf6 56. Qa4 (56. Qa8 {looks sharper.} Qd4 57. Bxa6 Ne5 58. Bb7) 56... Ne5 57. Bxa6 Qc6 58. Qa1 Qf6 59. Qa4 Qc6 $1 60. Qd4 Qf6 {[%emt 0:00:03] [#]} (60... Qxa6 $14 61. Qxe5+ Kg6) 61. Qa7+ $1 $16 Qf7 62. Qd4 (62. Bb7 $16) 62... Qf6 $14 63. Qe4 g4 ({Black should play} 63... Qxa6 $14 64. Qxe5+ Kg6) 64. Be2 Qg5 65. Kg2 Kf6 66. Qb4 Qf5 {[%emt 0:00:27] [#]} 67. Qd6+ $1 Qe6 68. Qd8+ Qe7 69. Qh8+ Qg7 70. Qc8 Qg6 71. Qf8+ Qf7 72. Qh6+ Qg6 73. Qe3 Qf5 74. Qd4 Qe6 75. Bb5 Ke7 76. Qb4+ Kf6 77. Qc5 Qe7 78. Qd5 Qe6 79. Qe4 Qf5 80. Qd4 Qe6 81. Bd3 Ke7 82. Be4 Qd6 83. Qe3 Qe6 84. Qg5+ Qf6 85. Qg8 Qf7 86. Qb8 Kf6 87. Qd6+ Qe6 88. Qf8+ Qf7 89. Qh8+ Qg7 90. Qh5 Ke7 91. Qf5 Qf6 92. Qc8 Qe6 93. Qc3 ({Resist} 93. Qc5+ Qd6 94. Qc8 Qd4 $18) 93... Kf6 94. Qe3 Ke7 $1 95. Qg5+ Qf6 96. Qg8 Qf7 $1 97. Qb8 Kf6 $1 98. Qd8+ Qe7 99. Qh8+ Qg7 $1 100. Qc8 Qd7 101. Qc1 Qg7 (101... Qd4 $142 102. Qh6+ Kf7) 102. Qf4+ $16 ({Don't take} 102. Qc8 Qd7 103. Qb8 Qd4 $18) 102... Ke7 $2 (102... Ke6 $16 {keeps fighting.} 103. Bf5+ Ke7) 103. Bf5 $18 Qf6 104. Qe4 Kf8 105. Bxg4 Nf7 $2 (105... Kg7 106. Be2 Kf8) 106. Qf3 Kg7 107. Qxf6+ Kxf6 108. f4 Nd6 109. Kf3 Nf7 110. Bd7 1-0

[Event "FRA-ch Teams Top 16-A 2022"]
[Site "Chartres"]
[Date "2022.06.15"]
[Round "7.20"]
[White "Maurizzi, Marc`Andria"]
[Black "Koch, Jean-Rene"]
[Result "1/2-1/2"]
[ECO "B22"]
[WhiteElo "2490"]
[BlackElo "2441"]
[Annotator "TA"]
[PlyCount "76"]
[EventDate "2022.06.09"]
[EventType "team-tourn"]
[EventCountry "FRA"]
[SourceTitle "playchess.com"]
[Source "ChessBase"]
[SourceQuality "1"]
[TimeControl "40/5400+30:1800+30"]

1. e4 c5 2. Nf3 e6 3. c3 Nf6 4. e5 Nd5 5. Bc4 d6 6. d4 cxd4 7. cxd4 Be7 8. O-O {[%emt 0:00:48] B22: Sicilian: 2 c3.} O-O 9. Qe2 Bd7 10. Nc3 Nxc3 11. bxc3 Bc6 12. exd6 Qxd6 {[%emt 0:08:34] [#]} 13. a4 $146 ({Predecessor:} 13. Ne5) 13... Qc7 14. Ne5 Bd5 15. Bxd5 exd5 16. Qg4 Qc8 17. Qg3 Nc6 {[%emt 0:04:37] [#]} (17... Qe6 $11) 18. Bh6 $1 $16 Bf6 19. Ng4 {[%emt 0:00:26] White is much more active. The black rooks are badly placed.} Qf5 20. Rab1 b6 {[%emt 0:10:31] [#]} 21. Rb5 $1 Ne7 22. Nxf6+ (22. Bd2 $16 {aiming for Nh6+.} Ng6 23. Qh3 (23. Nxf6+ Qxf6 24. Rxd5 Qe6 $14)) 22... Qxf6 $11 23. Bg5 Qe6 24. Bxe7 Qxe7 25. Rxd5 Rac8 {[%emt 0:00:14] The position is equal.} 26. a5 Qa3 27. axb6 {[%emt 0:00:00] Strongly threatening b7.} (27. c4 {with more complications.} Qxg3 28. hxg3 Rxc4 29. axb6 axb6 30. Rb1) 27... axb6 28. Qd6 Qxd6 29. Rxd6 Rxc3 30. Rxb6 {[%emt 0:00:00][%mdl 4096] Endgame KRR-KRR} Rd3 31. Rd6 Re8 {[%emt 0:00:31] Inhibits Re1.} 32. g3 g6 33. Rc1 Kg7 34. Kf1 Re4 35. d5 Re5 36. Rc5 Rd2 37. Rc4 Rexd5 38. Rxd5 Rxd5 {[%emt 0:00:06] Weighted Error Value: White=0.08 (flawless) /Black=0.06 (flawless)} 1/2-1/2

[Event "FRA-ch Teams Top 16-A 2022"]
[Site "Chartres"]
[Date "2022.06.15"]
[Round "7.21"]
[White "Lazarev, Vladimir"]
[Black "Guliyev, Namig"]
[Result "1/2-1/2"]
[ECO "D27"]
[WhiteElo "2491"]
[BlackElo "2547"]
[Annotator "TA"]
[PlyCount "45"]
[EventDate "2022.06.09"]
[EventType "team-tourn"]
[EventCountry "FRA"]
[SourceTitle "playchess.com"]
[Source "ChessBase"]
[SourceQuality "1"]
[TimeControl "40/5400+30:1800+30"]

1. d4 d5 2. c4 dxc4 3. Nf3 Nf6 4. e3 e6 5. Bxc4 a6 6. O-O c5 7. dxc5 Qxd1 8. Rxd1 Bxc5 9. b3 b6 10. Bb2 Nbd7 11. Nbd2 Bb7 12. Be2 O-O 13. Nc4 Rfd8 {[%emt 0:00:34] [#] A rather calm draw. D27: Queen's Gambit Accepted: Classical main line: 7 e4!? and 7 a4.} {Predecessor:} 14. Rac1 $146 Kf8 15. Ne1 Be7 16. f3 Rac8 17. e4 b5 18. Na5 Ba8 19. Nd3 Nc5 20. Ba3 Nxd3 21. Rxc8 Rxc8 22. Bxe7+ Kxe7 23. Bxd3 {0-1 (62) Le,Q (2709)-Carlsen,M (2865) chess24.com INT 2022} 1/2-1/2

[Event "FRA-ch Teams Top 16-A 2022"]
[Site "Chartres"]
[Date "2022.06.15"]
[Round "7.22"]
[White "Medvegy, Zoltan"]
[Black "Pucher, Olivier"]
[Result "1-0"]
[ECO "D31"]
[WhiteElo "2522"]
[BlackElo "2341"]
[Annotator "TA"]
[PlyCount "81"]
[EventDate "2022.06.09"]
[EventType "team-tourn"]
[EventCountry "FRA"]
[SourceTitle "playchess.com"]
[Source "ChessBase"]
[SourceQuality "1"]
[TimeControl "40/5400+30:1800+30"]

1. d4 d5 2. c4 e6 3. Nc3 a6 4. cxd5 exd5 5. Bf4 Nf6 6. e3 {[%emt 0:00:26] D31: Queen's Gambit Declined: Semi-Slav without ...Nf6 (+ Marshall Gambit and Noteboom) and Exchange Variation lines without ...Nf6.} Bd6 7. Bg5 c6 8. Bd3 {[%emt 0:00:25] The position is equal.} Nbd7 {[%emt 0:02:54] Nowadays more popular than 8...0-0.} 9. Nge2 Nf8 10. Bh4 Ng6 11. Bg3 {[%emt 0:00:08] [#]} Bxg3 $146 ({Predecessor:} 11... O-O 12. O-O Re8 13. Qd2 Bf8 14. f3 c5 15. Bxg6 hxg6 16. Bh4 b5 17. dxc5 Bxc5 {½-½ (33) Matsenko,S (2533)-Javakhadze,Z (2438) Irving 2018}) 12. hxg3 Ne7 (12... a5 $11) 13. Nf4 g6 14. f3 {[%emt 0:02:47] White is more active.} Bf5 15. g4 Bxd3 16. Qxd3 Qd6 17. O-O-O O-O-O 18. Rh6 Rhe8 (18... Nh5 $11) 19. Rh3 ({White should try} 19. Na4 $16) 19... g5 (19... h5 $1 $11 {keeps the balance.}) 20. Nfe2 Kb8 21. Ng3 h6 22. Kb1 Nd7 23. Rdh1 c5 24. Nf5 Nxf5 25. gxf5 c4 (25... cxd4 $14 26. Qxd4 (26. Rxh6 Qg3 $14) 26... Qe5) 26. Qd2 $16 Rh8 27. g4 Rde8 (27... Nf6 $16 28. Qg2 (28. Rxh6 Rxh6 29. Rxh6 Ne4 $16) 28... Rde8) 28. Nd1 (28. e4 $1 $18 {is the precise move to win.}) 28... Ka8 (28... Ka7 $142) 29. Qh2 Qb4 30. Rxh6 (30. a3 $142 $1 Qb3 31. Qe2) 30... Rxh6 31. Qxh6 {[%emt 0:00:05] Black must now prevent Qg7.} c3 32. Nxc3 Rxe3 {[%emt 0:00:08] [#]} 33. Qh8+ ({Much weaker is} 33. Nxd5 $6 Re1+ 34. Rxe1 Qxe1+ 35. Kc2 Qf2+ 36. Kc1 Qg1+ 37. Kc2 Qg2+ 38. Kc1 Qg1+ 39. Kc2 Qg2+ 40. Kc1 Qg1+ $11) (33. Qxg5 $1 $16 Rxc3 34. Qd8+ Ka7 35. Qxd7) 33... Ka7 {[%emt 0:01:02] Threatens to win with ...Rxc3.} 34. Qc8 ({Inferior is} 34. Nxd5 Re1+ 35. Rxe1 Qxe1+ 36. Kc2 Qe2+ 37. Kc1 Qe1+ 38. Kc2 Qe2+ 39. Kc1 Qxf3 $17) 34... Nb6 (34... Nf6 $11) 35. Qc5 Qxc5 36. dxc5 {[%emt 0:00:01] KRN-KRN} Nc4 (36... Nd7 $16) 37. Nxd5 $18 Rxf3 (37... Rd3 $16) 38. Rh6 $2 (38. b3 $18 Ne5 39. Rh8) 38... Ne5 (38... Rf2 $14) 39. Nb6 (39. Rh8 $1 $18 {And now Nb6 would win.} Rf1+ 40. Kc2 Rf2+ 41. Kc3) 39... a5 $2 {[%emt 0:00:31][%mdl 8192] [#]} (39... Nxg4 {is a self mate.} 40. Rh8 Rf1+ 41. Kc2 Rf2+ 42. Kc3 Rf3+ 43. Kb4 a5+ 44. Kxa5) (39... Nd3 $14) 40. Rh8 $1 Ka6 {[%emt 0:00:04] [#]} 41. a4 $1 {[%emt 0:30:11] Weighted Error Value: White=0.33/Black=0.48} 1-0

[Event "FRA-ch Teams Top 16-A 2022"]
[Site "Chartres"]
[Date "2022.06.15"]
[Round "7.23"]
[White "Migot, Tangi"]
[Black "Daulyte-Cornette, Deimante"]
[Result "1/2-1/2"]
[ECO "B13"]
[WhiteElo "2353"]
[BlackElo "2372"]
[Annotator "TA"]
[PlyCount "108"]
[EventDate "2022.06.09"]
[EventType "team-tourn"]
[EventCountry "FRA"]
[SourceTitle "playchess.com"]
[Source "ChessBase"]
[SourceQuality "1"]
[TimeControl "40/5400+30:1800+30"]

1. d4 d5 2. Nf3 Nf6 3. e3 c5 4. Nbd2 cxd4 5. exd4 Qc7 6. c3 Nc6 7. Bd3 Bg4 8. O-O e6 9. Re1 Bd6 {[%emt 0:00:50][%cal Od6h2] And now ...Bxh2+! would win.} 10. Nf1 {[%emt 0:00:14] B13: Caro-Kann: Exchange Variation and Panov-Botvinnik Attack.} Bh5 11. Ng3 Bg6 12. Nf5 {[%emt 0:04:12] White has an edge.} Bxf5 13. Bxf5 O-O 14. Bd3 {[%emt 0:01:37] [#]} Bf4 $146 ({Predecessor:} 14... Rac8 15. Qe2 Nd7 16. Bg5 Na5 17. Bh4 Nc4 18. Bxc4 Qxc4 19. Qxc4 Rxc4 20. Bg3 Bxg3 21. hxg3 Rfc8 {½-½ (35) Kartal,E (1351)-Kaplancan,B (1444) Konya 2018}) 15. Ne5 Bxc1 16. Rxc1 Nxe5 17. dxe5 Nd7 18. Qh5 {[%emt 0:02:39][%csl Gd3][%cal Rh5h7] [#]} g6 19. Qg5 Nc5 20. Bb1 b5 21. h4 Rfc8 22. h5 Qd8 23. Qg4 Qe8 24. Re3 Nd7 25. Rh3 {[%emt 0:07:36] Strongly threatening hxg6. 0x0.0022faa309dbdp-1022s more active pieces.} Nxe5 26. Qd4 (26. Qh4 $5 Qd8 27. hxg6 Qxh4 28. gxf7+ Kxf7 29. Rxh4 $16) 26... Nc6 27. Qh4 {[%emt 0:00:16] Black must now prevent hxg6.} (27. Qe3 $5 ) 27... Qe7 28. hxg6 fxg6 29. Qg4 Ne5 30. Qe2 $36 {[%emt 0:01:24][%mdl 2048] White has good play.} Nd7 31. Rd1 Re8 32. Qxb5 Rab8 33. Qe2 Nf8 (33... Nf6 $14) 34. Re3 $16 {[%emt 0:05:23] aiming for Rxd5.} Red8 35. Red3 Qf6 36. a3 Rdc8 37. Rf3 Qg7 38. Ba2 {[%emt 0:01:58][%cal Od1d5] Threatens to win with Rxd5!} Kh8 39. Rc1 Re8 ({Black should play} 39... a5) 40. b4 Rbc8 41. c4 dxc4 42. Rxc4 Rxc4 43. Bxc4 Qd4 {[%emt 0:03:17] [#]} 44. Qd3 (44. g3 $1 $16) 44... Qxd3 $1 $14 45. Rxd3 {[%emt 0:01:42][%mdl 4096] Endgame KRB-KRN} Rc8 46. Ba6 Rc7 47. a4 Kg7 48. a5 Nd7 49. Rd6 Nb8 {[%emt 0:03:54] The position is equal.} 50. Bf1 ({Don't blunder} 50. Rxe6 $2 Kf7 51. Re1 (51. Rd6 $2 Ke7 $19) 51... Nxa6 $19) 50... Nc6 51. b5 Nxa5 52. Rxe6 Nb3 53. b6 axb6 54. Rxb6 Nd4 {[%emt 0:00:18] Weighted Error Value: White=0.07 (flawless) /Black=0.08 (flawless)} 1/2-1/2

[Event "FRA-ch Teams Top 16-A 2022"]
[Site "Chartres"]
[Date "2022.06.15"]
[Round "7.24"]
[White "Martsynovskaya, Marina"]
[Black "Rouzes, Sibylle-Anne"]
[Result "1-0"]
[ECO "B18"]
[WhiteElo "2070"]
[BlackElo "1580"]
[Annotator "NA RC"]
[PlyCount "45"]
[EventDate "2022.06.09"]
[EventType "team-tourn"]
[EventCountry "FRA"]
[SourceTitle "playchess.com"]
[Source "ChessBase"]
[SourceQuality "1"]
[TimeControl "40/5400+30:1800+30"]

1. e4 c6 2. d4 d5 3. Nc3 dxe4 4. Nxe4 Bf5 5. Ng3 Bg6 6. Bc4 e6 7. N1e2 Nf6 8. Nf4 Nd5 9. Nxg6 hxg6 10. Bb3 Bd6 11. Qf3 Nf6 12. c3 Nbd7 13. Bg5 Qc7 14. O-O-O Nd5 15. Kb1 Bf4 16. Bxf4 Nxf4 17. Ne4 Nd5 18. c4 N5f6 19. d5 exd5 20. cxd5 cxd5 21. Bxd5 Nxd5 22. Rxd5 O-O 23. Rc1 1-0